 Dungeon Crawl Stone Soup version 0.27.1-2-g3b301248ec (webtiles) character file.

Game seed: 10264871615349602008

20 DoubleLucky the Caller (level 2, 0/14 (15) HPs)
             Began as a Tengu Summoner on Oct 2, 2021.
             Slain by a necrophage (7 damage)
             ... on level 2 of the Dungeon.
             The game lasted 00:04:25 (1696 turns).

DoubleLucky the Caller (Tengu Summoner)             Turns: 1696, Time: 00:04:25

HP:   0/14 (15)     AC:  3    Str:  8    XL:     2   Next: 79%
MP:   4/6           EV: 11    Int: 15    God:
Gold: 23            SH:  0    Dex: 14    Spells: 5/6 levels left

rFire    . . .     SeeInvis .   b - +0 whip
rCold    . . .     Faith    .   (no shield)
rNeg     . . .     Spirit   .   d - +0 leather armour
rPois    .         Reflect  .   (helmet restricted)
rElec    .         Harm     .   (no cloak)
rCorr    +         Rampage  .   (no gloves)
Will     .....                  (boots unavailable)
Stlth    ++........             (no amulet)
HPRegen  0.04/turn              i - ring of resist corrosion
MPRegen  0.10/turn              (no ring)

@: drained
A: beak, talons 3
a: no special abilities


You were on level 2 of the Dungeon.
You visited 1 branch of the dungeon, and saw 2 of its levels.

You collected 23 gold pieces.

Inventory:

Hand Weapons
 b - a +0 whip (weapon)
Armour
 a - a +0 robe
 d - a +0 leather armour (worn)
 l - a +0 scale mail
Jewellery
 i - a ring of resist corrosion (left hand)
Scrolls
 c - a scroll of identify {unknown}
 f - 2 scrolls of immolation {unknown}
 h - a scroll of teleportation {unknown}
 j - a scroll of acquirement {unknown}
 k - a scroll of blinking {unknown}
Potions
 e - a potion of haste {unknown}
 g - a potion of ambrosia {unknown}


   Skills:
 - Level 2.1 Dodging
 - Level 2.0 Stealth
 + Level 2.5 Spellcasting
 + Level 5.3 Summonings


You had 5 spell levels left.
You knew the following spells:

 Your Spells              Type           Power      Damage    Failure   Level
a - Summon Small Mammal   Summ           68%        N/A       3%          1

Your spell library contained the following spells:

 Spells                   Type           Power      Damage    Failure   Level
 Call Imp                 Summ           17%        N/A       5%          2
 Call Canine Familiar     Summ           17%        N/A       11%         3
 Summon Guardian Golem    Hex/Summ       9%         N/A       30%         3
 Summon Lightning Spire   Summ/Air       9%         N/A       71%         4


Dungeon Overview and Level Annotations

Branches:
Dungeon (2/15)

Altars:


Innate Abilities, Weirdness & Mutations

You have a beak for a mouth.
You have claws for feet.


Message History

The necrophage hits your quokka.
Your quokka dies!
Your quokka's corpse disappears in a puff of smoke!
Your quokka bites the necrophage.
Your quokka bites the necrophage. x2
Your quokka barely misses the necrophage.
Your quokka barely misses the necrophage.
Your quokka bites the necrophage but does no damage.
Your quokka barely misses the necrophage.
Casting: Summon Small Mammal (safe; 3% risk of failure)
Confirm with . or Enter, or press ? or * to list all spells.
Your quokka bites the necrophage.
You hit the necrophage.
The necrophage is heavily damaged.
Your quokka misses the necrophage.
The necrophage hits you but does no damage.
Your quokka misses the necrophage. You completely miss the necrophage.
The necrophage is heavily damaged.
Your quokka disappears in a puff of smoke!
Your quokka bites the necrophage but does no damage.
The necrophage barely misses you.
You hit the necrophage but do no damage.
You peck the necrophage.
The necrophage is heavily damaged.
Your quokka barely misses the necrophage.
The necrophage hits you.
Your quokka barely misses the necrophage.
Your quokka barely misses the necrophage.
Your quokka barely misses the necrophage.
Your quokka barely misses the necrophage.
Your quokka bites the necrophage but does no damage.
The necrophage hits you.
You feel drained.
The necrophage hits you but does no damage.
Your quokka bites the necrophage but does no damage.
Casting: Summon Small Mammal (safe; 3% risk of failure)
Confirm with . or Enter, or press ? or * to list all spells.
The necrophage hits you!
Ouch! That really hurt!
You die...

### ..# #.# #.# ###
########.#########<########
.............@nr...........
######.......####.########
##########......r####.######
.................+.........#
##########.......####.####.#
#.......# #.# #.# #.......#
#.# #r# #.......# #.# #.#
#.......# #.# #.#


You could see a necrophage (ally target), a friendly quokka (summoned) and a
friendly rat (summoned).

Vanquished Creatures
  3 bats
  A giant cockroach (D:1)
  2 kobolds
  2 quokkas (D:1)
  A rat (D:1)
9 creatures vanquished.

Vanquished Creatures (collateral kills)
  An endoplasm (D:1)
  3 giant cockroaches (D:1)
  A hobgoblin (D:1)
  2 kobolds
  2 quokkas
  3 bats (D:1)
  4 rats (D:1)
16 creatures vanquished.

Grand Total: 25 creatures vanquished

Notes
Turn   | Place    | Note
-------+----------+-------------------------------------------
     0 | D:1      | DoubleLucky the Tengu Summoner began the quest for the Orb.
     0 | D:1      | Reached XP level 1. HP: 10/10 MP: 4/4
   264 | D:1      | Reached skill level 5 in Summonings
   447 | D:1      | Reached XP level 2. HP: 15/15 MP: 3/6
  1405 | D:1      | Found a faded altar of an unknown god.
  1611 | D:2      | Noticed a necrophage
  1696 | D:2      | Slain by a necrophage

Illustrated notes

Levels and vault maps discovered:
D:1:      dpeg_arrival_three_bigger_balls, layout_loops_ring,
          ebering_ecumenical_altar_petrified, hangedman_decor_peaks_small
D:2:      minmay_chambers_of_ones, layout_basic, serial_shops, shop, st_stairs_8

Skill      XL: |  1 |
---------------+----+-----
Summonings     | 5 |  5.3
Dodging        | |  2.1
Stealth        | |  2.0
Spellcasting   | |  2.5

Action                   || total
-------------------------++-------
Melee: Whip              ||    37
       Kick              ||     4
       Peck              ||     3
 Cast: Summon Small Mamm ||    51
 Stab: Sleeping          ||     2
Armor: Leather armour    ||    17
Dodge: Dodged            ||    32
